 Dungeon Crawl Stone Soup version 0.21-a0-221-gfe971b9 (webtiles) character file.

20 tidbits the Skirmisher (level 2, 3/28 HPs)
             Began as a Draconian Wanderer on Aug 27, 2017.
             Quit the game on level 3 of the Dungeon.
             The game lasted 00:05:00 (601 turns).

tidbits the Skirmisher (Draconian Wanderer)          Turns: 601, Time: 00:05:01

Health: 3/28       AC:  4    Str: 13    XL:     2   Next: 58%
Magic:  2/2        EV:  8    Int: 14    God:
Gold:   48         SH:  7    Dex:  9    Spells: 1/1 levels left

rFire    . . .     SeeInvis .   b - +0 mace
rCold    . . .     Gourm    .   D - +0 shield
rNeg     . . .     Faith    +   (armour unavailable)
rPois    .         Spirit   .   (helmet restricted)
rElec    .         Reflect  .   (no cloak)
rCorr    .         Harm     .   (no gloves)
MR       +....                  (no boots)
Stlth    +.........             g - amulet of faith
HPRegen  0.09/turn              H - ring of protection from magic
MPRegen  0.08/turn              (no ring)

@: no status effects
A: unfitting armour, cold-blooded, AC +4
a: no special abilities


You were on level 3 of the Dungeon.
You were not hungry.

You visited 1 branch of the dungeon, and saw 3 of its levels.

You collected 48 gold pieces.

Inventory:

Hand Weapons
 a - a +0 whip
 b - a +0 mace (weapon)
Missiles
 e - 27 stones (quivered)
 k - 15 arrows
 m - 15 bolts
Armour
 D - a +0 shield (worn)
Jewellery
 f - an uncursed ring of fire
   (You found it on level 1 of the Dungeon)
 g - an amulet of faith (around neck)
   (You found it on level 1 of the Dungeon)
 H - a ring of protection from magic (left hand)
   (You found it on level 2 of the Dungeon)
Scrolls
 h - a scroll of magic mapping {unknown}
 i - 3 scrolls of identify
Potions
 l - a potion of brilliance
Books
 c - the Compendium of Slavery

   Spells                             Type                      Level
   a - Summon Small Mammal            Summoning                    1
   b - Summon Guardian Golem          Hexes/Summoning              3
Comestibles
 d - 3 bread rations
 j - 2 meat rations


   Skills:
 + Level 4.8 Fighting
 - Level 1.0 Maces & Flails
 - Level 1.0 Throwing
 + Level 2.0 Shields
   Level 2.0 Conjurations
   Level 1.0 Summonings


You had one spell level left.
You didn't know any spells.

Dungeon Overview and Level Annotations

Branches:
Dungeon (3/15)

Altars:

Annotations:
D:2 Terence


Innate Abilities, Weirdness & Mutations

Your plain brown scales are hard. (AC +4)
You cannot fit into any form of body armour.
You are cold-blooded and may be slowed by cold attacks.


Message History

A rat comes into view.
You closely miss the orc.
Your tail-slap misses the orc.
You block the orc's attack.
You closely miss the orc. You tail-slap the orc.
The orc is moderately wounded.
You block the orc's attack.
Your shield prevents you from hitting the orc.
The orc is moderately wounded.
The orc hits you but does no damage.
You barely miss the orc.
The orc is moderately wounded.
You block the orc's attack.
You barely miss the orc. You tail-slap the orc.
You kill the orc!
You hit the hobgoblin.
The hobgoblin is severely wounded.
You block the hobgoblin's attack.
You closely miss the hobgoblin.
You tail-slap the hobgoblin, but do no damage.
The hobgoblin is severely wounded.
The hobgoblin hits you with a club.
You hit the hobgoblin.
You kill the hobgoblin!
You closely miss the rat. You tail-slap the rat.
The rat is heavily wounded.
The rat bites you but does no damage. x2
Your shield prevents you from hitting the rat.
You tail-slap the rat.
You kill the rat!
Your Shields skill increases to level 2!
Search for what [? for help]? weapon Unknown command.
Items here: )) ††† a club x2; a rat corpse; a hobgoblin corpse; an orc corpse You see here 17 stones.
An orc comes into view. It is wielding a dagger.
The orc shouts!
You hit the orc but do no damage.
A kobold comes into view. It is wielding a dagger.
The kobold shouts!
You hit the orc but do no damage. The orc closely misses you.
The orc hits you with a dagger.
You hit the orc but do no damage.
Your tail-slap misses the orc.
You block the orc's attack.
You closely miss the orc. The orc closely misses you.
You barely miss the orc. You block the orc's attack.
You closely miss the orc. You block the orc's attack.
You are too injured to fight recklessly!
You are too injured to fight recklessly!
Press: ? - help, v - describe, . - travel
Here: an orc, wielding a dagger and wearing a shiny scale mail The floor.
Wield which item (- for none, * to show all)? (? for menu, Esc to quit)
b - a +0 mace (weapon)
The orc hits you but does no damage.
Your shield prevents you from hitting the orc.
You block the orc's attack.
You hit the orc but do no damage. You block the orc's attack. x2
You hit the orc but do no damage. The orc hits you with a dagger.
* * * LOW HITPOINT WARNING * * *
You hit the orc but do no damage. You block the orc's attack.
The orc closely misses you.
You hit the orc but do no damage. The orc completely misses you.
You hit the orc but do no damage. The orc hits you but does no damage.
The orc hits you with a dagger.
* * * LOW HITPOINT WARNING * * *
You hit the orc but do no damage. You block the orc's attack.
You hit the orc.
The orc is moderately wounded.
The orc hits you with a dagger.
* * * LOW HITPOINT WARNING * * *
You barely miss the orc.
The orc is moderately wounded.
The orc misses you. The orc hits you but does no damage.
You hit the orc but do no damage.
The orc is moderately wounded.
You block the orc's attack.
You hit the orc but do no damage.
The orc is moderately wounded.
The orc barely misses you. The orc hits you but does no damage.
You hit the orc but do no damage.
The orc is moderately wounded.
The orc hits you with a dagger.
* * * LOW HITPOINT WARNING * * *
You closely miss the orc.
The orc is moderately wounded.
The orc barely misses you. The orc hits you with a dagger.
* * * LOW HITPOINT WARNING * * *
Okay, then.
You aren't carrying any items that you can evoke.
Unknown command.
You see here 17 stones.
You hit the orc but do no damage.
The orc is moderately wounded.
The orc hits you with a dagger.
* * * LOW HITPOINT WARNING * * *
You hit the orc but do no damage.
The orc is moderately wounded.
You block the orc's attack. The orc barely misses you.
Are you sure you want to abandon this character and quit the game? (Confirm with "yes".)

#.# #.# ### #.# #.. #.# #.#
#.# ##### #.# #.# . ...#
#.# #.#
....###.####.############.#
............Ko@.).........#
....###.####.##############
. #.# #.# #.# #.# #.# #.#
#.# #.# #.# #.# #.# #.# #.#


You could see an orc and a kobold.

Vanquished Creatures
  2 dart slugs
  An orc (D:3)
  2 giant cockroaches
  3 hobgoblins
  A kobold (D:2)
  A ball python (D:1)
  2 bats (D:1)
  A frilled lizard (D:1)
  2 rats
15 creatures vanquished.

Notes
Turn   | Place    | Note
-------+----------+-------------------------------------------
     0 | D:1      | tidbits the Draconian Wanderer began the quest for the Orb.
     0 | D:1      | tidbits set off with: a +0 shield, a +0 mace, the Compendium of Slavery, a bread ration
     0 | D:1      | Reached XP level 1. HP: 22/22 MP: 1/1
     0 | D:1      | Identified the Compendium of Slavery
   161 | D:2      | Noticed Terence
   352 | D:1      | Reached XP level 2. HP: 26/28 MP: 2/2
   560 | D:3      | Reached skill level 2 in Shields
   601 | D:3      | Quit the game

Vault maps used:
D:1:      sevenhm_arrival_forest_fort_large_1, serial_bayou_pond_a
D:2:      marbit_many_paths, due_unseen_surprise, uniq_terence
D:3:      nicolae_overflow_hidden_temple, dk_vineyard_2

Skill      XL: |  1  2 |
---------------+-------+-----
Shields        | 2 |  2.0
Fighting       | |  4.8
Maces & Flails | |  1.0
Throwing       | |  1.0
Conjurations   | |  2.0
Summonings     | |  1.0

Action                   || total
-------------------------++-------
Melee: Mace              ||    30
       Whip              ||    55
       Tailslap          ||    14
  Use: Scroll            ||     2
Armor: Skin              ||    15
Dodge: Dodged            ||    19
Block: Shield            ||    37

Table legend:
 A = Spawn XP
 B = Non-spawn XP
 C = Spawn XP percentage of total XP
 D = Spawn monster count
 E = Non-spawn monster count
 F = Spawn count percentage of total count
 G = Total turns spent on level
                    A         B        C        D         E        F      G
               +---------+---------+-------+---------+---------+-------+---------
         Total |       3 |      26 |  10.3 |       2 |      13 |  13.3 |   601
               +---------+---------+-------+---------+---------+-------+---------
           D:1 |       3 |      12 |  20.0 |       2 |       7 |  22.2 |   471
           D:2 |       0 |       8 |   0.0 |       0 |       3 |   0.0 |    55
           D:3 |       0 |       6 |   0.0 |       0 |       3 |   0.0 |    75
               +---------+---------+-------+---------+---------+-------+---------

Table legend:
 A = Turns spent in this place as a percentage of turns spent in the entire game.
 B = Non-inter-level travel turns spent in this place as a percentage of non-inter-level travel turns spent in the entire game.
 C = Inter-level travel turns spent in this place as a percentage of turns spent in this place.
 D = Turns resting spent in this place as a percentage of non-inter-level travel turns spent in this place.
 E = Turns spent auto-exploring this place as a percentage of non-inter-level travel turns spent in this place.
 F = Non-inter-level travel turns spent in this place divided by the number of levels of this place that you've seen.
                   A       B       C       D       E      F
               +-------+-------+-------+-------+-------+----------------------
         Total | 100.0 | 100.0 |   7.8 |   0.0 |   0.0 | 184.7
       Dungeon | 100.0 | 100.0 |   7.8 |   0.0 |   0.0 | 184.7
               +-------+-------+-------+-------+-------+----------------------

Table legend:
 A = Kills in this place as a percentage of kills in entire the game.
 B = Kills by you in this place as a percentage of kills by you in the entire game.
 C = Kills by friends in this place as a percentage of kills by friends in the entire game.
 D = Other kills in this place as a percentage of other kills in the entire game.
 E = Experience gained in this place as a percentage of experience gained in the entire game.
 F = Experience gained in this place divided by the number of levels of this place that you have seen.
                   A       B       C       D       E      F
               +-------+-------+-------+-------+-------+----------------------
         Total | 100.0 | 100.0 |   N/A |   N/A | 100.0 |   9.7
       Dungeon | 100.0 | 100.0 |   N/A |   N/A | 100.0 |   9.7
               +-------+-------+-------+-------+-------+----------------------

Vault maps used:
D:1:      sevenhm_arrival_forest_fort_large_1, serial_bayou_pond_a
D:2:      marbit_many_paths, due_unseen_surprise, uniq_terence
D:3:      nicolae_overflow_hidden_temple, dk_vineyard_2
